 Dungeon Crawl Stone Soup version 0.24.1 (webtiles) character file.

Game seed: 999700866660117847, levelgen mode: deterministic

14 Destapler the Caller (level 2, -1/19 HPs)
             Began as a Merfolk Summoner on Mar 31, 2020.
             Slain by a worm (10 damage)
             ... on level 2 of the Dungeon.
             The game lasted 00:04:10 (924 turns).

Destapler the Caller (Merfolk Summoner)              Turns: 924, Time: 00:04:10

Health: -1/19      AC:  2    Str:  8    XL:     2   Next: 41%
Magic:  2/5        EV: 13    Int: 14    God:
Gold:   50         SH:  0    Dex: 14    Spells: 4/5 levels left

rFire    . . .     SeeInvis .   (no weapon)
rCold    . . .     Gourm    .   (no shield)
rNeg     . . .     Faith    .   a - +0 robe
rPois    .         Spirit   .   (no helmet)
rElec    .         Reflect  .   (no cloak)
rCorr    .         Harm     .   (no gloves)
MR       .....                  (no boots)
Stlth    ++........             (no amulet)
HPRegen  0.06/turn              (no ring)
MPRegen  0.09/turn              (no ring)

@: lethally poisoned (-1 -> -16)
A: change form in water, swift swim, stealthy swim
a: no special abilities


You were on level 2 of the Dungeon.
You were hungry.

You visited 1 branch of the dungeon, and saw 2 of its levels.

You collected 50 gold pieces.

Inventory:

Armour
 a - a +0 robe (worn)
Scrolls
 b - 4 scrolls of identify {unknown}
 e - 2 scrolls of enchant weapon {unknown}
 h - a scroll of random uselessness {unknown}
Comestibles
 c - 2 rations
 d - 8 chunks of flesh


   Skills:
 + Level 3.1 Dodging
 + Level 2.5 Stealth
 + Level 2.2 Spellcasting
 + Level 4.1 Summonings


You had 4 spell levels left.
You knew the following spells:

 Your Spells              Type           Power        Failure   Level  Hunger
a - Summon Small Mammal   Summ           ##..         4%          1    #......

Your spell library contained the following spells:

 Spells                   Type           Power        Failure   Level  Hunger
 Call Imp                 Summ           ##......     6%          2    ###....
 Call Canine Familiar     Summ           ##......     13%         3    ###....
 Summon Guardian Golem    Hex/Summ       #.......     30%         3    ###....
 Summon Ice Beast         Ice/Summ       #.......     69%         4    #####..
 Summon Lightning Spire   Summ/Air       #.......     69%         4    #####..


Dungeon Overview and Level Annotations

Branches:
Dungeon (2/15)

Altars:


Message History

The adder is heavily wounded.
You feel sick. The adder bites you.
You miss the adder.
The adder is heavily wounded.
Your bat closely misses the adder.
The adder bites you.
You miss the adder.
The adder is heavily wounded.
Your bat hits the adder but does no damage.
The adder misses you.
Your rat completely misses the adder.
It was a potion of curing.
You feel better.
Your bat closely misses the adder.
The adder bites you.
You are poisoned.
The adder poisons you!
Your rat misses the adder. The worm bites you. The adder bites you.
You are lethally poisoned!
The adder poisons you!
You open the door.
You feel sick.
Your rat closely misses the adder.
The adder barely misses you. The worm bites you!
Ouch! That really hurt!
You die...

.# ..# ###..# #...w#
##+## #.##.# ##...##
#.##.# ##.....##
#..#.####.......## #..
..<.§.##.........##.....
.....§.'......bS@'..#
#...#.##......rw.##.....
#...#$###.......## #.#
#.#.#.# ##.....##
#...#.# ##...## ##.##.#
##+## ##.##.# ). ..#
####


You could see a worm, an adder, a friendly bat and a friendly rat.

Vanquished Creatures
  A goblin (D:1)
  A hobgoblin (D:1)
  A kobold (D:1)
  2 bats (D:1)
  A frilled lizard (D:1)
6 creatures vanquished.

Vanquished Creatures (collateral kills)
  A leopard gecko (D:1)
  4 hobgoblins
  A kobold (D:1)
  A frilled lizard (D:1)
  A goblin (D:1)
  2 rats (D:1)
10 creatures vanquished.

Grand Total: 16 creatures vanquished

Notes
Turn   | Place    | Note
-------+----------+-------------------------------------------
     0 | D:1      | Destapler the Merfolk Summoner began the quest for the Orb.
     0 | D:1      | Reached XP level 1. HP: 13/13 MP: 3/3
   465 | D:1      | Reached XP level 2. HP: 15/19 MP: 1/5
   924 | D:2      | Slain by a worm

Levels and vault maps discovered:
D:1:      saegor_arrival_simple_e, layout_basic, minmay_tiny_reverse_x
D:2:      layout_loops_corners, corexii_item_surrounded_by_moat, corexii_shack

Skill      XL: |  1  2 |
---------------+-------+-----
Dodging        | 3 |  3.1
Stealth        | |  2.5
Spellcasting   | |  2.2
Summonings     | |  4.1

Action                   || total
-------------------------++-------
Melee: Unarmed           ||    78
 Cast: Summon Small Mamm ||    23
  Use: Potion            ||     2
 Stab: Distracted        ||     1
       Sleeping          ||     1
Armor: Robe              ||    11
Dodge: Dodged            ||    71
